 Dungeon Crawl Stone Soup version 0.19-a0-139-gefc6d61 (webtiles) character file.

223 Kidiri the Ducker (level 5, -6/34 HPs)
             Began as a High Elf Fire Elementalist on May 17, 2016.
             Mangled by a wyvern zombie (11 damage)
             ... in an ossuary.
             The game lasted 00:13:08 (3699 turns).

Kidiri the Ducker (High Elf Fire Elementalist)      Turns: 3699, Time: 00:13:09

Health: -6/34      AC:  6    Str:  7    XL:     5   Next: 66%
Magic:  7/11       EV: 14    Int: 20    God:
Gold:   173        SH:  0    Dex: 15    Spells: 4 memorised, 2 levels left

rFire  . . .     SeeInvis .     p - +0 spear
rCold  . . .     Gourm    .     a - +0 robe
rNeg   . . .     Faith    +     (no shield)
rPois  .         Spirit   .     (no helmet)
rElec  .         Dismiss  .     i - +1 cloak
rCorr  .         Reflect  .     m - +0 pair of gloves (curse)
SustAt .         Harm     .     t - +0 pair of boots
MR     .....                    s - amulet of faith
Stlth  +++.......               (no ring)
                                h - ring of stealth

@: not resistant to hostile enchantments, fairly stealthy
A: no striking features
a: no special abilities


You were in an ossuary.
You were not hungry.

You visited 1 branch of the dungeon, and saw 4 of its levels.
You also visited: Ossuary.

You collected 173 gold pieces.

Inventory:

Hand Weapons
 p - a +0 spear (weapon)
Missiles
 n - 2 throwing nets (quivered)
Armour
 a - a +0 robe (worn)
 i - a +1 cloak (worn)
 m - a cursed +0 pair of gloves (worn)
 q - a +0 ring mail
 t - a +0 pair of boots (worn)
Jewellery
 h - a ring of stealth (left hand)
 s - an amulet of faith (around neck)
Wands
 u - a wand of acid (14/15)
Scrolls
 o - a scroll of teleportation
 w - 2 scrolls of remove curse
 x - a scroll of enchant armour {unknown}
 y - 2 scrolls of magic mapping
Potions
 f - a potion of cancellation
Books
 b - a book of Flames

   Spells                             Type                      Level
   a - Flame Tongue                   Conjuration/Fire             1
   b - Throw Flame                    Conjuration/Fire             2
   c - Conjure Flame                  Conjuration/Fire             3
   d - Inner Flame                    Hexes/Fire                   3
   e - Sticky Flame                   Conjuration/Fire             4
   f - Fireball                       Conjuration/Fire             5
Comestibles
 c - 2 bread rations
 j - 3 meat rations


   Skills:
 + Level 1.8 Fighting
 + Level 0.6 Armour
 * Level 4.1 Dodging
 - Level 2.1 Stealth
 * Level 3.5 Spellcasting
 + Level 2.1 Conjurations
 * Level 3.8 Fire Magic


You had 2 spell levels left.
You knew the following spells:

 Your Spells              Type           Power        Failure   Level  Hunger
a - Flame Tongue          Conj/Fire      ###..        4%          1    None
b - Throw Flame           Conj/Fire      ###...       10%         2    ##.....
c - Conjure Flame         Conj/Fire      ###.....     14%         3    ###....
d - Inner Flame           Hex/Fire       ##......     21%         3    ###....


Dungeon Overview and Level Annotations

Branches:
Dungeon (4/15)
 Temple: D:4-7

Altars:
Vehumet

Annotations:
D:4 Grinder


Message History

Confirm with . or Enter, or press ? or * to list all spells.
Aiming: Flame Tongue
Press: ? - help, Shift-Dir - straight line, f/p - wyvern zombie
Aim: a wyvern zombie The flame tongue hits the wyvern zombie.
The wyvern zombie bites you!
Casting: Flame Tongue
Confirm with . or Enter, or press ? or * to list all spells.
Aiming: Flame Tongue
Press: ? - help, Shift-Dir - straight line, f/p - wyvern zombie
Aim: a wyvern zombie The flame tongue misses the wyvern zombie.
The wyvern zombie completely misses you.
The wyvern zombie bites you!
* * * LOW HITPOINT WARNING * * *
Unknown command.
There is an empty arch of ancient stone here.
Unknown command.
The wyvern zombie bites you!
You die...

##### #∩..#
###.Z@# #.#...#
#.##'##'##'##≈#
+.............+
#+#+#'#'#'#+#+#
# #.#.# #####


You could see a wyvern zombie.

Vanquished Creatures
  A giant frog zombie (Ossuary)
  2 mummies (Ossuary)
  3 worker ant zombies (Ossuary)
  A howler monkey zombie (Ossuary)
  4 adders
  2 adder zombies (Ossuary)
  An adder skeleton (D:4)
  A worm (D:3)
  A dart slug (D:2)
  2 giant geckos (D:2)
  2 giant cockroaches (D:3)
  4 goblins
  9 hobgoblins
  4 quokkas
  A ball python (D:1)
  9 bats
  8 giant newts
  A goblin zombie (D:4)
  7 kobolds
  A quokka zombie (D:4)
  11 rats
75 creatures vanquished.

Vanquished Creatures (others)
  A withered plant (Ossuary)
1 creature vanquished.

Grand Total: 76 creatures vanquished

Notes
Turn   | Place    | Note
--------------------------------------------------------------
     0 | D:1      | Kidiri the High Elf Fire Elementalist began the quest for the Orb.
     0 | D:1      | Reached XP level 1. HP: 11/11 MP: 4/4
   375 | D:1      | Reached XP level 2. HP: 17/17 MP: 3/6
   382 | D:1      | Learned a level 2 spell: Throw Flame
  1395 | D:2      | Reached XP level 3. HP: 22/22 MP: 6/8
  1403 | D:2      | Learned a level 3 spell: Conjure Flame
  1617 | D:2      | Reached skill level 3 in Dodging
  1783 | D:2      | Gained mutation: You are robust (+10% HP). [potion of beneficial mutation]
  1838 | D:2      | Reached skill level 1 in Fighting
  2388 | D:3      | Reached XP level 4. HP: 30/30 MP: 4/9
  2396 | D:3      | Learned a level 3 spell: Inner Flame
  2889 | D:3      | Found a radiant altar of Vehumet.
  3016 | D:4      | Noticed Grinder
  3120 | D:4      | Noticed a centaur
  3157 | D:4      | Found a sand-covered staircase.
  3175 | Ossuary  | Entered an ossuary
  3260 | Ossuary  | Reached XP level 5. HP: 15/36 MP: 1/11
  3263 | Ossuary  | Reached skill level 4 in Dodging
  3269 | Ossuary  | Lost mutation: You are robust (+10% HP). [potion of cure mutation]
  3699 | Ossuary  | Mangled by a wyvern zombie

Vault maps used:
D:1:      lemuel_arrival_funnel, serial_co_window_serial, co_window_corner_a,
          co_window_corner_a, co_window_of_opportunity_a,
          co_window_of_opportunity_a, co_window_of_opportunity_a,
          co_window_corner_a, co_window_corner_a, co_window_corner_b,
          co_window_broadway_b, co_window_broadway_a, co_window_corner_b,
          co_window_corner_ca, co_window_paths_d, glass_columns_a,
          glass_columns_b, glass_columns_b, glass_columns_a, st_stairs_13
D:2:      minmay_newt_pond
D:3:      minmay_misc_feat_tiny, lemuel_statue_altar
D:4:      first_bread, enter_ossuary_4, st_stairs_11, uniq_menkaure,
          uniq_duvessa, uniq_grinder
Ossuary:  ossuary_zaba_flooded

Skill      XL: |  1  2  3  4  5 |
---------------+----------------+-----
Spellcasting   | 3 |  3.5
Dodging        | 3 4 |  4.1
Fighting       | 1 |  1.8
Conjurations   | 2 |  2.1
Armour         | |  0.6
Stealth        | |  2.1
Fire Magic     | |  3.8

Action                   |  1- 3 |  4- 6 || total
-------------------------+-------+-------++-------
Melee: Unarmed           |    19 |       ||    19
       Short sword       |    18 |       ||    18
       Spear             |       |    58 ||    58
Throw: Throwing net      |       |     2 ||     2
 Cast: Flame Tongue      |    52 |    39 ||    91
       Throw Flame       |    14 |     7 ||    21
       Conjure Flame     |       |     4 ||     4
  Use: Scroll            |     3 |     4 ||     7
       Potion            |     1 |     6 ||     7
 Stab: Sleeping          |     1 |     2 ||     3
  Eat: Fruit             |     2 |     5 ||     7
       Chunk             |     3 |     3 ||     6
Armor: Robe              |     8 |    21 ||    29
       Skin              |       |    13 ||    13
Dodge: Dodged            |    35 |    45 ||    80
